 Dungeon Crawl Stone Soup version 0.31-a0-971-g75a2e9a4b4 (webtiles) character file.

Game seed: 5867087419852374257

1320 gelatine the Chopper (level 8, -2/61 HPs)
             Began as a Demonspawn Gladiator on Oct 28, 2023.
             Slain by a yak (11 damage)
             ... on level 6 of the Dungeon.
             The game lasted 00:08:20 (4147 turns).

gelatine the Chopper (Demonspawn Gladiator)         Turns: 4147, Time: 00:08:21

Health: -2/61      AC:  4    Str: 18    XL:     8   Next: 33%
Magic:  0/8        EV: 13    Int:  9    God:
Gold:   278        SH:  0    Dex: 14    Spells: 7/7 levels left

rFire   . . .        a - +0 war axe
rCold   . . .        (no shield)
rNeg    . . .        d - +0 troll leather armour {Pargi}
rPois   .            c - +0 helmet
rElec   .            (no cloak)
rCorr   .            (no gloves)
SInv    .            (no boots)
Will    .....        (no amulet)
Stlth   ++           (no ring)
HPRegen 1.10/turn    (no ring)
MPRegen 0.22/turn

%: guardian spirit
@: no status effects
A: spiny 1, magic shield, magic regeneration, magic link, demonic touch 1
a: no special abilities


You were on level 6 of the Dungeon.
You visited 1 branch of the dungeon, and saw 6 of its levels.

You collected 278 gold pieces.

Inventory:

Hand Weapons
 a - a +0 war axe (weapon)
Missiles
 r - a throwing net
 y - 2 darts of dispersal
Armour
 b - a +0 leather armour
 c - a +0 helmet (worn)
 d - a +0 troll leather armour (worn) {Pargi}
 q - a +0 ring mail
Wands
 n - a wand of paralysis (14)
Scrolls
 g - a scroll of brand weapon {unknown}
 i - 4 scrolls of identify {unknown}
 j - 2 scrolls of immolation {unknown}
 k - 2 scrolls of amnesia {unknown}
 l - a scroll of vulnerability {unknown}
 p - a scroll of enchant armour {unknown}
 s - 2 scrolls of teleportation {unknown}
 t - a scroll of enchant weapon {unknown}
 u - 2 scrolls of poison {unknown}
 v - a scroll of noise {unknown}
Potions
 f - 3 potions of curing {unknown}
 h - a potion of enlightenment {unknown}
 m - a potion of resistance {unknown}
 o - 2 potions of haste {unknown}
 w - 3 potions of heal wounds {unknown}
 x - a potion of berserk rage {unknown}


   Skills:
 + Level 4.4 Fighting
 + Level 7.3 Axes
 + Level 2.1 Throwing
 + Level 3.0 Armour
 + Level 4.0 Dodging
 + Level 2.1 Stealth


You had 7 spell levels left.
You didn't know any spells.
Your spell library contained the following spells:

 Spells                   Type           Power      Damage    Failure   Level
 Apportation              Tloc           0%         N/A       43%         1
 Necrotise                Necr           0%         1d4       43%         1
 Sting                    Tmut/Pois      0%         1d3       43%         1
 Summon Small Mammal      Summ           0%         N/A       43%         1
 Poisonous Vapours        Pois/Air       0%         N/A       58%         2
 Stone Arrow              Conj/Erth      0%         3d7       82%         3
 Tukima's Dance           Hex            0%         N/A       82%         3
 Animate Armour           Summ/Erth      0%         N/A       99%         4
 Dimensional Bullseye     Hex/Tloc       0%         N/A       99%         4
 Iskenderun's Mystic Bla  Conj/Tloc      0%         2d3       99%         4
 Olgreb's Toxic Radiance  Pois           0%         N/A       99%         4
 Lehudib's Crystal Spear  Conj/Erth      0%         10d2      100%        8


Dungeon Overview and Level Annotations

Branches:
Dungeon (6/15)
 Temple: D:4-7

Altars:
Dithmenos
Ru

Shops:
D:1 (!(   D:3 !(   D:6 (

Annotations:
D:5 1 runed translucent door, timneilson's ghost, novice GrFi


Innate Abilities, Weirdness & Mutations

You are partially covered in sharp spines.
When hurt, damage is shared between your health and your magic reserves.
You regenerate magic rapidly.
When low on magic, you restore magic in place of health.
Your touch may inflict minor irresistible damage on your foes.


Message History

You slash the yak!
The yak is moderately wounded.
You hit the yak.
A gnoll comes into view. It is wielding a +0 club.
The yak is struck by your spines. The yak gores you! x2
A gnoll comes into view. It is wielding a +0 club.
The yak attacks as it pursues you! The yak is struck by your spines.
The yak misses you. The yak attacks as it pursues you! The yak gores you!
There is a stone staircase leading up here.
You hit the yak.
You touch the yak!
The yak is severely wounded.
The yak closely misses you.
You hit the yak.
You touch the yak!
You kill the yak!
Your Armour skill increases to level 3!
Your Dodging skill increases to level 4!
You hit the yak.
The yak is lightly wounded.
The yak gores you!
You closely miss the yak. Your touch misses the yak.
The yak is lightly wounded.
You hit the yak. The yak misses you.
You barely miss the yak. Your touch misses the yak.
You hit the yak but do no damage. x2; The yak closely misses you.
The yak is struck by your spines. The yak gores you! The yak barely misses you.
You hit the yak but do no damage.
The yak is lightly wounded.
You hit the yak. You hit the yak but do no damage.
The yak completely misses you. The yak closely misses you.
The yak is struck by your spines. The yak gores you!
You barely miss the yak.
You touch the yak!
The yak is moderately wounded.
You slash the yak! You closely miss the yak. The yak barely misses you.
The yak is struck by your spines. The yak gores you. The yak gores you!
* * * LOW HITPOINT WARNING * * *
The yak gores you.
* * * LOW HITPOINT WARNING * * *
The yak gores you!
You die...

.#.# #.!....#
#..z. #...#
###.#..####.#.#
............#.YY
...........####>.#
.............g..#
......gg.####...~
#+#..##YY.......~.
#.##..@Yg.##....gg
###.###.Y##.## ..
+..∩.)'........
###.#######.###
....##.# ...
.....##+# ## .
..... .... ...


You could see 4 yaks and 2 gnolls.

Vanquished Creatures
  2 yaks (D:6)
  Pargi (D:3)
  3 ogres (D:5)
  A phantom (D:5)
  3 scorpions
  A wight (D:6)
  A hound (D:5)
  3 sleepcaps
  Natasha (thrice) (D:3)
  2 iguanas (D:5)
  2 adders (D:2)
  A white imp (D:4)
  3 worms
  5 dart slugs
  4 orcs
  11 ball pythons
  10 endoplasms
  3 giant cockroaches
  5 goblins
  5 hobgoblins
  4 jackals
  5 quokkas
  4 bats
  8 frilled lizards
  4 kobolds
  22 rats
116 creatures vanquished.

Notes
Turn   | Place    | Note
-------+----------+-------------------------------------------
     0 | D:1      | gelatine the Demonspawn Gladiator began the quest for the
                  | Orb.
     0 | D:1      | Reached XP level 1. HP: 16/16 MP: 1/1
    85 | D:1      | Reached skill level 3 in Axes
   165 | D:1      | Found Duubrups's Weapon Emporium.
   182 | D:1      | Found Niylirph's Distillery.
   209 | D:1      | Found Wuluxtir's Weapon Shoppe.
   218 | D:1      | Gained mutation: You are partially covered in sharp spines.
                  | [demonic ancestry]
   218 | D:1      | Reached XP level 2. HP: 16/22 MP: 2/2
   931 | D:2      | Gained mutation: Your touch may inflict minor irresistible
                  | damage on your foes. [demonic ancestry]
   931 | D:2      | Reached XP level 3. HP: 18/27 MP: 3/3
  1161 | D:2      | Found a shadowy altar of Dithmenos.
  1513 | D:2      | Gained mutation: You regenerate magic rapidly. [demonic
                  | ancestry]
  1513 | D:2      | Reached XP level 4. HP: 32/33 MP: 4/4
  1646 | D:2      | Reached skill level 1 in Armour
  1822 | D:3      | Found Awkyol's Antique Weapon Emporium.
  2024 | D:3      | Noticed Natasha
  2028 | D:3      | Killed Natasha
  2029 | D:3      | Reached skill level 4 in Axes
  2176 | D:3      | Noticed Natasha
  2183 | D:3      | Reached skill level 1 in Stealth
  2184 | D:3      | Killed Natasha
  2185 | D:3      | Gained mutation: When hurt, damage is shared between your
                  | health and your magic reserves. [demonic ancestry]
  2185 | D:3      | Reached XP level 5. HP: 33/40 MP: 5/5
  2333 | D:3      | Found Wegeejot's Distillery.
  2382 | D:3      | Noticed Pargi
  2390 | D:3      | Killed Pargi
  2465 | D:3      | Noticed Natasha
  2469 | D:3      | Killed Natasha
  2470 | D:3      | Gained mutation: When low on magic, you restore magic in
                  | place of health. [demonic ancestry]
  2470 | D:3      | Reached XP level 6. HP: 47/47 MP: 6/6
  2661 | D:4      | Reached skill level 5 in Axes
  3184 | D:5      | Entered Level 5 of the Dungeon
  3251 | D:5      | Noticed timneilson's ghost (novice GrFi)
  3259 | D:5      | Found a runed translucent door.
  3265 | D:5      | Reached XP level 7. HP: 43/52 MP: 5/7
  3435 | D:5      | Reached skill level 6 in Axes
  3482 | D:5      | Found a sacrificial altar of Ru.
  4093 | D:6      | Noticed a yak
  4093 | D:6      | Found Syucs's Antique Weapon Boutique.
  4094 | D:6      | Noticed a yak
  4106 | D:6      | Killed a yak
  4107 | D:6      | Reached skill level 7 in Axes
  4107 | D:6      | Reached XP level 8. HP: 59/60 MP: 8/8
  4147 | D:6      | Slain by a yak

Illustrated notes

Levels and vault maps discovered:
D:1:      spicycebolla_arrival_ecumenical, layout_basic, serial_shops, shop,
          shop, shop, palyth_stone_intersect
D:2:      wander_river, layout_loops_ring, basic_altar, minmay_rat_hole
D:3:      layout_loops_ring, serial_shops, nicolae_shop_rolling_square,
          nicolae_shop_tiny_glass, uniq_natasha, uniq_pargi
D:4:      layout_cave_pools
D:5:      layout_basic, mainiacjoe_overflow_brackets,
          hellmonk_ghost_happy_afterlife
D:6:      layout_rooms, lemuel_zombie_altar_kikubaaqudgha,
          chequers_temple_overflow_minitemple, minmay_temple_entry_water_ring,
          serial_shops, nicolae_shop_hallway_plus, minmay_joined_circles

Skill      XL: |  1  2  3  4  5  6  7  8 |
---------------+-------------------------+-----
Axes           | 3 4 5 7 |  7.3
Dodging        | 3 4 |  4.0
Armour         | 1 2 3 |  3.0
Stealth        | 1 2 |  2.1
Fighting       | 3 4 |  4.4
Throwing       | 2 |  2.1

Action                     |  1- 3 |  4- 6 |  7- 9 || total
---------------------------+-------+-------+-------++-------
  Melee: War axe           |    79 |    97 |    42 ||   218
         Touch             |     3 |    16 |    12 ||    31
         Punch             |     1 |     2 |     1 ||     4
  Throw: Throwing net      |       |     3 |       ||     3
         Javelin           |       |       |     6 ||     6
   Stab: Sleeping          |     1 |     2 |       ||     3
 Armour: Leather armour    |    44 |    19 |       ||    63
         Ring mail         |       |     3 |       ||     3
         Troll leather arm |       |    24 |    26 ||    50
  Dodge: Dodged            |    56 |    54 |    26 ||   136

Table legend: (Time is in decaauts)
 A = Elapsed time spent in this place.
 B = Non-inter-level travel time spent in this place.
 C = Inter-level travel time spent in this place.
 D = Time resting spent in this place.
 E = Time spent auto-exploring this place.
 F = Levels seen in this place.
 G = Mean time per level.
                   A        B        C        D        E       F      G
               +--------+--------+--------+--------+--------+-----+--------+
         Total |   4225 |   3982 |    243 |      0 |   3119 |   6 |  704.2 |
       Dungeon |   4225 |   3982 |    243 |      0 |   3119 |   6 |  704.2 |
               +--------+--------+--------+--------+--------+-----+--------+

Top non-repeatable levels by time:
     D:5: 917 daAuts
     D:1: 907 daAuts
     D:3: 890 daAuts
     D:2: 834 daAuts
     D:4: 619 daAuts
     D:6: 57 daAuts
